 Dungeon Crawl Stone Soup version 0.22.1-6-g1668fe2 (webtiles) character file.

81 Fang the Skirmisher (level 4, 0/29 HPs)
             Began as a Gargoyle Berserker on Feb 6, 2019.
             Was a Believer of Trog.
             Slain by an orc wizard
             ... wielding a +2 dagger of protection
              (1 damage)
             ... on level 3 of the Dungeon.
             The game lasted 00:02:19 (2115 turns).

Fang the Skirmisher (Gargoyle Berserker)            Turns: 2115, Time: 00:02:19

Health: 0/29       AC:  5    Str: 21    XL:     4   Next: 42%
Magic:  4/4        EV: 12    Int:  8    God:    Trog [**....]
Gold:   89         SH:  0    Dex:  9    Spells: 3/3 levels left

rFire    . . .     SeeInvis .   a - +0 hand axe
rCold    . . .     Gourm    .   (no shield)
rNeg     + . .     Faith    .   b - +0 animal skin
rPois    ∞         Spirit   .   (no helmet)
rElec    +         Reflect  .   (no cloak)
rCorr    .         Harm     .   (no gloves)
MR       +....                  (no boots)
Stlth    +.........             (no amulet)
HPRegen  0.09/turn              f - ring of protection from magic
MPRegen  0.09/turn              (no ring)

@: no status effects
A: negative energy resistance 1, electricity resistance, unbreathing,
petrification resistance, rot immunity, AC +3
a: Berserk, Trog's Hand, Renounce Religion


You were on level 3 of the Dungeon.
You worshipped Trog.
Trog was pleased with you.
You were hungry.

You visited 1 branch of the dungeon, and saw 3 of its levels.

You collected 89 gold pieces.

Inventory:

Hand Weapons
 a - a +0 hand axe (weapon)
Armour
 b - a +0 animal skin (worn)
Jewellery
 f - a ring of protection from magic (left hand)
Scrolls
 d - a scroll of enchant armour {unknown}
 e - a scroll of immolation {unknown}
 h - 3 scrolls of identify {unknown}
 i - 3 scrolls of blinking {unknown}
 j - a scroll of random uselessness {unknown}
 m - a scroll of teleportation {unknown}
Potions
 g - a potion of berserk rage {unknown}
 k - a potion of haste {unknown}
 l - a potion of degeneration {unknown}
 o - a potion of heal wounds {unknown}
 p - a potion of curing {unknown}
Comestibles
 c - 2 rations


   Skills:
 + Level 4.0 Fighting
 + Level 3.2 Axes
 + Level 3.1 Armour
 + Level 2.2 Dodging


You had 3 spell levels left.
You didn't know any spells.
Your spell library was empty.

Dungeon Overview and Level Annotations

Branches:
Dungeon (3/15)

Altars:
Yredelemnul


Innate Abilities, Weirdness & Mutations

You are resistant to torment.
Your stone body is resilient. (AC +3)
You are immune to poison.
You resist negative energy. (rN+)
You are resistant to electric shocks. (rElec)
You can survive without breathing.
You are immune to petrification.
You are immune to rotting.


Message History

The orc wizard barely misses you.
You hit the orc wizard.
The orc wizard is moderately wounded.
The orc wizard points at you and mumbles some strange words.
The magic dart hits you!
* * * LOW HITPOINT WARNING * * *
A jackal comes into view.
The orc wizard mumbles some strange words.
The orc wizard blinks!
The jackal barks!
The orc wizard hits you with a dagger of protection.
* * * LOW HITPOINT WARNING * * *
An orc comes into view. It is wielding a mace.
The orc wizard hits you but does no damage.
The orc shouts!
The orc wizard casts a spell.
The orc wizard blinks!
Found a scroll labeled SARIAT GITZE.
The orc wizard hits you with a dagger of protection.
You die...

#.....#.#.#.#
#..#.##.# #.
#. #.# # #.
#.# #. #.# #.
#h# #. #.#
#..#..#.##
..?....@o#
#..##.#......#
#.#...##.# #
#o..# #...#
#...# #...#
#...#


You could see an orc wizard, an orc and a jackal.

Vanquished Creatures
  A gnoll (D:1)
  3 adders (D:2)
  A worm (D:2)
  2 dart slugs
  3 orcs (D:3)
  2 giant cockroaches
  3 hobgoblins (D:1)
  6 kobolds
  A quokka (D:2)
  7 bats (D:1)
  3 frilled lizards (D:1)
  5 goblins
  3 rats (D:1)
40 creatures vanquished.

Notes
Turn   | Place    | Note
-------+----------+-------------------------------------------
     0 | D:1      | Fang the Gargoyle Berserker began the quest for the Orb.
     0 | D:1      | Reached XP level 1. HP: 14/14 MP: 1/1
    67 | D:1      | Reached XP level 2. HP: 9/19 MP: 2/2
   508 | D:1      | Reached XP level 3. HP: 23/23 MP: 3/3
   834 | D:2      | Reached ** piety under Trog
   899 | D:2      | HP: 1/24 [adder (2)]
  1425 | D:2      | Reached XP level 4. HP: 25/29 MP: 4/4
  1863 | D:2      | Found a basalt altar of Yredelemnul.
  2096 | D:3      | Reached skill level 4 in Fighting
  2111 | D:3      | HP: 1/29 [orc wizard/dagger of protection (1)]
  2115 | D:3      | Slain by an orc wizard

Skill      XL: |  1  2  3  4 |
---------------+-------------+-----
Axes           | 3 |  3.2
Dodging        | 2 |  2.2
Armour         | 3 |  3.1
Fighting       | 4 |  4.0

Action                   |  1- 3 |  4- 6 || total
-------------------------+-------+-------++-------
Melee: Hand axe          |   121 |    57 ||   178
Invok: Berserk           |     2 |       ||     2
  Eat: Chunk             |     3 |     2 ||     5
Armor: Animal skin       |    55 |    25 ||    80
Dodge: Dodged            |    78 |    24 ||   102
